 Dungeon Crawl Stone Soup version 0.15.0-18-g9076a4f (webtiles) character file.

6976 Kex the Grappler (level 10, -2/100 HPs)
             Began as a Troll Monk on Sept 6, 2014.
             Was a High Priest of Makhleb.
             Slain by a porcupine (5 damage)
             ... on Level 2 of the Lair of Beasts.
             The game lasted 00:47:03 (8450 turns).

Kex the Grappler (Troll Monk)                       Turns: 8450, Time: 00:47:03

HP  -2/100       AC  5     Str 21      XL: 10   Next: 81%
MP  15/15        EV 14     Int  6      God: Makhleb [*****.]
Gold 497         SH  0     Dex 15      Spells:  0 memorised,  9 levels left

rFire  + . .     SeeInvis .       - Unarmed
rCold  . . .     Clarity  .     a - +0 robe
rNeg   . . .     rCorr    .     (shield restricted)
rPois  .         rRot     .     (helmet restricted)
rElec  .         Spirit   .     (no cloak)
SustAb .         Warding  .     (gloves unavailable)
rMut   .         Stasis   .     (boots unavailable)
Gourm  +                        (no amulet)
MR     +....                    n - ring of protection from magic
                                x - ring of protection from fire

@: very slightly contaminated, studying Stealth, somewhat resistant to hostile
enchantments, unstealthy
A: unfitting armour, claws 3, fast metabolism 3, gourmand, regeneration 2,
saprovore 2, shaggy fur 1, tough skin 2
a: Minor Destruction, Lesser Servant of Makhleb, Major Destruction, Greater
Servant of Makhleb, Renounce Religion


You were on level 2 of the Lair of Beasts.
You worshipped Makhleb.
Makhleb was extremely pleased with you.
You were completely stuffed.

You visited 3 branches of the dungeon, and saw 12 of its levels.

You collected 497 gold pieces.

Inventory:

Armour
 a - a +0 robe (worn)
Magical devices
 p - a wand of cold (12)
 s - a wand of disintegration (10)
 y - a wand of teleportation (3)
 D - a wand of paralysis (10)
Comestibles
 b - 5 meat rations
 g - 8 bread rations
 o - a slice of pizza
 q - 8 fruits
 z - 2 beef jerkies
 C - 2 chunks of yak flesh
 E - 3 chunks of giant frog flesh
Scrolls
 c - a scroll of recharging
 d - 5 scrolls of fog
 f - 4 scrolls of teleportation
 h - a scroll of enchant armour {unknown}
 i - 2 scrolls of identify
 m - 3 scrolls of remove curse
Jewellery
 n - a ring of protection from magic (right claw)
 t - an uncursed ring of fire
 x - a ring of protection from fire (left claw)
Potions
 e - 5 potions of curing
 j - a potion of might
 k - a potion of cancellation {unknown}
 l - a potion of heal wounds
 u - a potion of magic {unknown}
 A - 2 potions of flight
 B - a potion of restore abilities
Books
 r - a manual of Stealth
 w - a book of Necromancy

   Spells                             Type                      Level
   Pain                               Necromancy                   1
   Animate Skeleton                   Necromancy                   1
   Vampiric Draining                  Necromancy                   3
   Regeneration                       Charms/Necromancy            3
   Animate Dead                       Necromancy                   4
   Control Undead                     Necromancy                   4


   Skills:
 + Level 6.4 Fighting
 + Level 8.1 Dodging
 * Level 3.6 Stealth
 + Level 9.7 Unarmed Combat
 * Level 6.3 Invocations
 + Level 0.5 Evocations


You had 9 spell levels left.
You didn't know any spells.

Dungeon Overview and Level Annotations

Branches:
Dungeon (9/15)             Temple (1/1) D:4            Lair (2/8) D:9
    Orc: D:9-12

Altars:
Ashenzari
Cheibriados
Dithmenos
Elyvilon
Fedhas
Kikubaaqudgha
Makhleb
Nemelex Xobeh
Okawaru
Qazlal
Sif Muna
Trog
Vehumet
Xom
Yredelemnul
Zin
The Shining One

Shops:
D:7 !


Innate Abilities, Weirdness & Mutations

You are too large for most types of armour.
You have claws for hands.
Your metabolism is lightning-fast.
You like to eat raw meat.
You heal very quickly.
You can eat rotten meat.
You are covered in fur (AC +1).
You have very tough skin (AC +2).


Message History

The hippogriff is heavily wounded.
The hippogriff bites you! The hippogriff pecks you. The hippogriff misses you.
The komodo dragon bites you!!
* * * LOW HITPOINT WARNING * * *
The hippogriff closely misses you.
The hippogriff pecks you but does no damage.
The hippogriff closely misses you.
The hippogriff is no longer bleeding.
The komodo dragon bites you!!
* * * LOW HITPOINT WARNING * * *
Read which item? (? for menu, Esc to quit)
Blink to where?
Press: ? - help, Dir - move target cursor
As you read the scroll of blinking, it crumbles to dust.
You are very lightly contaminated with residual magic.
A porcupine comes into view.
Use which ability? (? or * to list)
A demon appears!
You feel slightly less full. The porcupine bites you.
You die...

.##..##### #.## .........##
..##### .%......#.#
##+P.P#.###### .........#
#...P.........# ........##
##..............# .|......#
#..............#
........######.............#
........##P..+.r..........>#
........##.H....@4.........##
........'l.###..............#
..%.....#### #.............##
...ยง....# ###.#P##.PP.#.#
##+.##### #########..##
##...# ### #..P# ..#+####.##
####..#
..........############.##..#
...........##P.............#


You could see a komodo dragon, a hippogriff, a porcupine and a friendly orange
demon.

Vanquished Creatures
  A spiny frog (Lair:2)
  Grinder (D:6)
  11 yaks
  A deep elf mage (D:9)
  A spriggan (D:7)
  A hippogriff (D:9)
  Eustachio (D:5)
  An ice beast (D:5)
  2 orc warriors
  5 porcupines
  3 phantoms
  2 ogres
  4 centaurs
  2 crocodiles (D:9)
  A big kobold (D:9)
  8 giant frogs
  2 scorpions
  A hippogriff zombie (D:9)
  8 wights (D:9)
  A quasit (D:5)
  2 jellies
  3 iguanas
  3 orc priests
  A hound (D:5)
  6 orc wizards
  Natasha (twice) (D:3)
  4 worker ants
  8 sheep
  Ijyb (D:4)
  A hound zombie (D:7)
  2 hound skeletons
  8 green rats
  8 adders
  A gnoll (D:1)
  3 shadow imps
  5 worms
  A giant mite (D:3)
  An orc zombie (D:6)
  An adder skeleton (D:9)
  6 giant geckos
  23 orcs
  3 ball pythons
  12 bats
  A bat zombie (D:6)
  7 giant cockroaches
  10 hobgoblins
  19 kobolds
  4 giant newts
  11 goblins
  4 quokkas
  12 rats
  A rat skeleton (D:3)
231 creatures vanquished.

Vanquished Creatures (collateral kills)
  A hydra (Lair:2)
  3 orc wizards (D:8)
4 creatures vanquished.

Vanquished Creatures (others)
  A smoke demon (Lair:2)
  A quokka (D:9)
2 creatures vanquished.

Grand Total: 237 creatures vanquished

Notes
Turn   | Place    | Note
--------------------------------------------------------------
     0 | D:1      | Kex, the Troll Monk, began the quest for the Orb.
     0 | D:1      | Reached XP level 1. HP: 22/22 MP: 1/1
   143 | D:1      | Reached XP level 2. HP: 23/29 MP: 1/1
   548 | D:1      | Reached XP level 3. HP: 36/36 MP: 2/2
  1001 | D:2      | Found a shattered altar of Ashenzari.
  1212 | D:2      | Reached XP level 4. HP: 43/45 MP: 2/2
  1511 | D:3      | Found a bloodstained altar of Trog.
  1640 | D:3      | Found a blossoming altar of Fedhas.
  1657 | D:3      | Reached skill level 5 in Unarmed Combat
  1803 | D:3      | Reached XP level 5. HP: 53/53 MP: 2/2
  1842 | D:3      | Found a stormy altar of Qazlal.
  1842 | D:3      | Found a deep blue altar of Sif Muna.
  1893 | D:3      | Noticed Natasha
  1898 | D:3      | Killed Natasha
  2300 | D:3      | Noticed Natasha
  2307 | D:3      | Killed Natasha
  2394 | D:4      | Reached XP level 6. HP: 40/61 MP: 3/3
  2427 | D:4      | Noticed Ijyb
  2443 | D:4      | Killed Ijyb
  2453 | D:4      | Found a staircase to the Ecumenical Temple.
  2462 | Temple   | Entered the Ecumenical Temple
  2528 | Temple   | Became a worshipper of Makhleb the Destroyer
  2528 | Temple   | Acquired Makhleb's first power
  2528 | Temple   | Acquired Makhleb's second power
  2559 | D:4      | Found an iron altar of Okawaru.
  3024 | D:4      | Reached skill level 6 in Unarmed Combat
  3024 | D:4      | Reached skill level 1 in Invocations
  3108 | D:5      | Entered Level 5 of the Dungeon
  3109 | D:5      | Found a radiant altar of Vehumet.
  3208 | D:5      | Reached XP level 7. HP: 58/67 MP: 4/4
  3231 | D:5      | Noticed Eustachio
  3240 | D:5      | Killed Eustachio
  3248 | D:5      | Found a shadowy altar of Dithmenos.
  3267 | D:5      | Found a shimmering altar of Xom.
  3465 | D:5      | Acquired Makhleb's third power
  3668 | D:5      | Reached XP level 8. HP: 39/78 MP: 6/6
  3840 | D:5      | Found a glowing golden altar of the Shining One.
  3840 | D:5      | Found a glowing silver altar of Zin.
  4506 | D:6      | Reached skill level 5 in Dodging
  4506 | D:6      | Reached skill level 7 in Unarmed Combat
  4520 | D:6      | Noticed Grinder
  4530 | D:6      | Killed Grinder
  5093 | D:7      | Found Fuophes' Distillery.
  5462 | D:7      | Acquired Makhleb's fourth power
  5940 | D:8      | Reached XP level 9. HP: 35/87 MP: 8/10
  6040 | D:8      | Reached skill level 5 in Fighting
  6040 | D:8      | Reached skill level 8 in Unarmed Combat
  6045 | D:8      | Found a deep blue altar of Sif Muna.
  6886 | D:9      | Reached skill level 5 in Invocations
  6940 | D:9      | Reached skill level 9 in Unarmed Combat
  7037 | D:9      | Found a staircase to the Lair.
  7048 | D:8      | Reached XP level 10. HP: 98/98 MP: 13/13
  7122 | D:9      | Found a white marble altar of Elyvilon.
  7221 | D:9      | Acquired Makhleb's fifth power
  7486 | Lair:1   | Entered Level 1 of the Lair of Beasts
  8069 | Lair:2   | Noticed an eight-headed hydra
  8085 | Lair:2   | Killed an eight-headed hydra
  8442 | Lair:2   | HP: 2/100 [komodo dragon (31)]
  8450 | Lair:2   | Slain by a porcupine

Action                   |  1- 3 |  4- 6 |  7- 9 | 10-12 || total
-------------------------+-------+-------+-------+-------++-------
Melee: Unarmed           |    89 |   174 |   354 |   136 ||   753
Invok: Minor Destruction |       |       |     5 |       ||     5
       Lesser Servant of |       |       |     2 |     3 ||     5
Evoke: Wand              |       |     1 |     1 |     4 ||     6
  Use: Scroll            |       |     3 |     4 |     6 ||    13
       Potion            |       |     1 |    11 |       ||    12
 Stab: Sleeping          |       |     4 |       |     1 ||     5
  Eat: Chunk             |    15 |    18 |    32 |    14 ||    79
